 Dungeon Crawl Stone Soup version 0.26.1-11-gd32895ea62 (webtiles) character file.

Game seed: 14103409572834529769

4647 Eitelfritz the Carver (level 10, -6/84 HPs)
             Began as a Hill Orc Fighter on Apr 16, 2021.
             Was a Believer of the Shining One.
             Mangled by an orc warrior
             ... wielding a +0 halberd
              (13 damage)
             ... on level 9 of the Dungeon.
             The game lasted 00:23:52 (10631 turns).

Eitelfritz the Carver (Hill Orc Fighter)           Turns: 10631, Time: 00:23:52

Health: -6/84      AC: 10    Str: 22    XL:     10   Next: 43%
Magic:  15/15      EV:  7    Int:  9    God:    the Shining One [**....]
Gold:   327        SH: 12    Dex: 10    Spells: 9/9 levels left

rFire    + . .     SeeInvis .   a - +1 long sword
rCold    + . .     Faith    .   c - +1 kite shield
rNeg     + . .     Spirit   .   J - +0 chain mail
rPois    .         Reflect  .   (no helmet)
rElec    .         Harm     .   (no cloak)
rCorr    .         Rampage  .   (no gloves)
Will     .....                  (no boots)
Stlth    ..........             s - amulet of the acrobat
HPRegen  0.24/turn              u - ring of protection from fire
MPRegen  0.14/turn              p - ring of protection from cold

@: glowing
A: no striking features
a: Renounce Religion, Divine Shield


You were on level 9 of the Dungeon.
You worshipped the Shining One.
The Shining One was pleased with you.
You visited 2 branches of the dungeon, and saw 10 of its levels.
You also visited: Sewer.

You collected 371 gold pieces.
You spent 44 gold pieces at shops.

Inventory:

Hand Weapons
 a - a +1 long sword (weapon)
 b - a +0 hunting sling
 K - a +0 morningstar
Missiles
 e - 19 atropa-tipped darts (quivered)
 g - 79 sling bullets
 j - 12 javelins
 r - 23 poisoned darts
 Q - a throwing net
Armour
 c - a +1 kite shield (worn)
 x - the +2 scale mail of Leuqiete {Stlth+}
   (You found it on level 4 of the Dungeon)

   It makes you more stealthy.
 J - a +0 chain mail (worn)
Jewellery
 n - an uncursed ring of magical power
 p - a ring of protection from cold (right hand)
 s - an amulet of the acrobat (around neck)
 u - a ring of protection from fire (left hand)
 H - an uncursed ring of see invisible
Wands
 h - a wand of paralysis (11)
 k - a wand of acid (8)
 y - a wand of digging (1)
 F - a wand of disintegration (17)
 N - a wand of enslavement (14)
Scrolls
 d - a scroll of fog
 f - 4 scrolls of teleportation
 i - 2 scrolls of remove curse
 q - 4 scrolls of blinking
 z - 2 scrolls of magic mapping
 A - 2 scrolls of fear
 C - a scroll of torment {unknown}
 G - 3 scrolls of amnesia
 I - 2 scrolls of enchant armour
 L - 4 scrolls of identify
 O - a scroll of enchant weapon
Potions
 l - 3 potions of flight
 m - a potion of cancellation
 o - 7 potions of magic
 t - a potion of brilliance
 v - a potion of mutation
 w - 2 potions of berserk rage
 B - 2 potions of haste
 D - 3 potions of might
 E - 2 potions of curing
 M - a potion of ambrosia {unknown}
 P - a potion of lignification {unknown}


   Skills:
 + Level 6.6 Fighting
 + Level 9.8 Long Blades
 + Level 2.7(2.8) Slings
 + Level 0.6(1.8) Throwing
 + Level 7.1 Armour
 + Level 2.2 Dodging
 + Level 0.6 Stealth
 + Level 7.4 Shields
 * Level 7.5 Invocations


You had 9 spell levels left.
You didn't know any spells.
Your spell library was empty.

Dungeon Overview and Level Annotations

Branches:
Dungeon (9/15)             Temple (1/1) D:6           Sewer (visited)
   Lair: D:8-11         Orc: D:9-12

Altars:
Ashenzari
Cheibriados
Dithmenos
Elyvilon
Fedhas
Gozag
Hepliaklqana
Kikubaaqudgha
Makhleb
Nemelex Xobeh
Okawaru
Qazlal
Ru
Sif Muna
Trog
Uskayaw
Vehumet
Wu Jian
Xom
Yredelemnul
Zin
The Shining One

Shops:
D:4 *   D:6 !

Annotations:
D:8 3 runed translucent doors, Cykl0x's ghost, novice OgHu


Message History

You hit the orc warrior but do no damage.
The orc warrior is moderately wounded.
The orc warrior hits you with a +0 halberd!!
You barely miss the orc warrior.
The orc warrior is moderately wounded.
The orc warrior hits you with a +0 halberd!
* * * LOW HITPOINT WARNING * * *
You slash the orc warrior!
The orc warrior is heavily wounded.
You block the orc warrior's attack.
Your chain mail prevents you from hitting the orc warrior.
The orc warrior is heavily wounded.
The orc warrior hits you with a +0 halberd!!
* * * LOW HITPOINT WARNING * * *
You barely miss the orc warrior.
The orc warrior is heavily wounded.
You barely miss the orc warrior.
The orc warrior is heavily wounded.
The orc warrior hits you with a +0 halberd!
You die...

)##### #......# .#
###.##.# .##
#....# ..# ###..#
..# #..# ..##
##oo####
...########.oo)o5#
............####o#
............# #@#
########...o# #.#
#...o# #..# ###[.#
...#
...oo.o.5....###
...o..#.######
.oo.....# #...#
#.# ##.# #.#


You could see an orc warrior, an orc wizard (invisible) and an ufetubus.

Vanquished Creatures
  Pikel (D:8)
  Joseph (D:9)
  A troll (D:9)
  2 ice beasts
  2 orc warriors
  2 sky beasts
  8 ogres
  A phantom (D:5)
  5 centaurs
  2 lemures (D:8)
  6 bullfrogs
  2 scorpions
  3 killer bees
  3 howler monkeys (D:8)
  A hound (D:7)
  A jelly (D:7)
  3 bullfrog skeletons
  A centaur zombie (D:7)
  2 orc priests (D:7)
  Jessica (D:3)
  Terence (D:3)
  4 iguanas
  8 orc wizards
  3 worker ants
  A killer bee zombie (D:7)
  A hound zombie (D:9)
  A hound skeleton (D:3)
  2 worker ant zombies
  12 adders
  7 gnolls
  7 river rats (Sewer)
  3 white imps
  5 ufetubi
  An ooze (Sewer)
  An adder skeleton (D:8)
  An adder zombie (D:5)
  4 worms
  6 leopard geckos
  24 orcs
  6 giant cockroaches
  8 goblins
  7 hobgoblins
  7 jackals
  3 quokkas
  15 ball pythons
  A ball python skeleton (D:4)
  4 bats
  6 frilled lizards
  A jackal zombie (D:8)
  5 kobolds
  A leopard gecko zombie (D:6)
  A quokka skeleton (D:5)
  29 rats
234 creatures vanquished.

Notes
Turn   | Place    | Note
-------+----------+-------------------------------------------
     0 | D:1      | Eitelfritz the Hill Orc Fighter began the quest for the
                  | Orb.
     0 | D:1      | Reached XP level 1. HP: 19/19 MP: 1/1
   104 | D:1      | Found a shimmering altar of Xom.
   407 | D:1      | Reached XP level 2. HP: 21/27 MP: 2/2
  1223 | D:2      | Reached XP level 3. HP: 33/33 MP: 3/3
  1765 | D:2      | Reached skill level 3 in Long Blades
  2193 | D:3      | Reached XP level 4. HP: 40/40 MP: 4/4
  2234 | D:3      | Noticed Jessica
  2241 | D:3      | Killed Jessica
  2284 | D:3      | Noticed Terence
  2305 | D:3      | Killed Terence
  2308 | D:3      | Reached XP level 5. HP: 25/46 MP: 5/5
  2531 | D:3      | Noticed a centaur
  2541 | D:3      | Killed a centaur
  2542 | D:3      | Reached skill level 4 in Long Blades
  2542 | D:3      | Reached XP level 6. HP: 29/52 MP: 6/6
  2972 | D:4      | Found Yryuguh's General Store.
  2978 | D:4      | Bought a scroll of identify for 22 gold pieces
  2978 | D:4      | Bought a scroll of identify for 22 gold pieces
  3284 | D:4      | Reached skill level 5 in Long Blades
  3284 | D:4      | Reached skill level 5 in Armour
  3284 | D:4      | Reached XP level 7. HP: 27/60 MP: 7/7
  3706 | D:4      | Found a glowing golden altar of the Shining One.
  3714 | D:4      | Became a worshipper of the Shining One
  3783 | D:4      | Got a blackened scale mail
  3900 | D:4      | Identified the +2 scale mail of Leuqiete {Stlth+} (You
                  | found it on level 4 of the Dungeon)
  3907 | D:5      | Entered Level 5 of the Dungeon
  4043 | D:5      | Found a glowing silver altar of Zin.
  4074 | D:5      | Reached skill level 5 in Shields
  4074 | D:5      | Reached skill level 1 in Invocations
  4169 | D:5      | Reached skill level 1 in Slings
  4262 | D:5      | Reached skill level 6 in Long Blades
  4262 | D:5      | Reached XP level 8. HP: 57/67 MP: 9/9
  4387 | D:5      | Reached * piety under the Shining One
  4402 | D:5      | Reached skill level 1 in Dodging
  4486 | D:5      | Found an opulent altar of Gozag.
  4661 | D:5      | Found an iron altar of Okawaru.
  4941 | D:6      | Reached skill level 5 in Fighting
  4969 | D:6      | Found a glowing drain.
  4995 | Sewer    | Entered a sewer
  5471 | Sewer    | Reached skill level 7 in Long Blades
  5751 | D:6      | Found a staircase to the Ecumenical Temple.
  6299 | D:6      | Reached XP level 9. HP: 74/74 MP: 12/12
  6313 | D:6      | Reached skill level 5 in Invocations
  6838 | D:6      | Found Mioxkiho's Distillery.
  6911 | Temple   | Entered the Ecumenical Temple
  7837 | D:7      | Found a broken altar of Ashenzari.
  7921 | D:7      | Found an ancient bone altar of Kikubaaqudgha.
  7921 | D:7      | Found a white marble altar of Elyvilon.
  7925 | D:7      | Found a shadowy altar of Dithmenos.
  7978 | D:7      | Reached ** piety under the Shining One
  8525 | D:8      | Reached skill level 8 in Long Blades
  8804 | D:8      | Found a runed translucent gate.
  8925 | D:8      | Found a runed translucent gate.
  8927 | D:8      | Found a runed translucent gate.
  8928 | D:8      | Noticed Cykl0x's ghost (novice OgHu)
  9299 | D:8      | Noticed Pikel
  9374 | D:8      | Killed Pikel
  9537 | D:8      | Reached XP level 10. HP: 81/83 MP: 13/15
  9695 | D:8      | Reached skill level 9 in Long Blades
 10257 | D:9      | Noticed Joseph
 10280 | D:9      | Killed Joseph
 10631 | D:9      | Mangled by an orc warrior

Illustrated notes

Levels and vault maps discovered:
D:1:      tarquinn_simple_flora_water_d, layout_basic, xom_teletrap_fun
D:2:      layout_loops_ring
D:3:      layout_basic, uniq_jessica, uniq_terence
D:4:      layout_gridville, lemuel_coloured_pillars_altar, serial_shops, shop
D:5:      layout_cave_pods, pdpol_temple_overflow_zin_treasury_gozag_greed,
          okawaru_gym_becter
D:6:      layout_loops_corners, minmay_temple_entry_ruins, serial_shops,
          kennysheep_little_box, portal_sewer_entry_e
D:7:      layout_gridville, cheibrodos_ashenzari_chains, minitemple
D:8:      layout_basic, ebering_ghost_rock_garden, uniq_pikel
D:9:      layout_rooms, david_orc_4, uniq_joseph
Temple:   minmay_freezing_vapour_temple

Skill      XL: |  1  2  3  4  5  6  7  8  9 10 |
---------------+-------------------------------+-----
Long Blades    | 3 4 5 6 7 8 9 |  9.8
Armour         | 4 5 6 7 |  7.1
Shields        | 4 5 6 7 |  7.4
Fighting       | 4 5 6 |  6.6
Invocations    | 2 4 6 7 |  7.5
Slings         | 1 2 |  2.7
Dodging        | 1 2 |  2.2
Throwing       | |  0.6
Stealth        | |  0.6

Action                   |  1- 3 |  4- 6 |  7- 9 | 10-12 || total
-------------------------+-------+-------+-------+-------++-------
Melee: Long sword        |   116 |   107 |   424 |   156 ||   803
 Fire: Hunting sling     |       |     8 |    54 |       ||    62
Throw: Dart              |       |       |     5 |       ||     5
  Use: Scroll            |       |    10 |    11 |       ||    21
       Potion            |       |       |     3 |     1 ||     4
Armor: Scale mail        |    42 |    40 |   154 |    31 ||   267
       Chain mail        |       |       |       |     8 ||     8
Dodge: Dodged            |    35 |    28 |   161 |    38 ||   262
Block: Kite shield       |    47 |    61 |   291 |    84 ||   483
       Rpst.: Long sword |    11 |     6 |    55 |     6 ||    78
